 Dungeon Crawl Stone Soup version 0.31-a0-233-g139696dc86 (webtiles) character file.

Game seed: 8155966174438406128

71 qw the Shooter (level 4, -1/26 HPs)
             Began as a Gargoyle Hexslinger on July 9, 2023.
             Slain by an orc wizard
             ... wielding a +0 dagger
              (4 damage)
             ... on level 3 of the Dungeon.
             The game lasted 00:00:32 (1471 turns).

qw the Shooter (Gargoyle Hexslinger)                Turns: 1471, Time: 00:00:33

Health: -1/26      AC: 12    Str: 10    XL:     4   Next: 24%
Magic:  5/5        EV: 10    Int: 11    God:
Gold:   61         SH:  0    Dex: 22    Spells: 4/5 levels left

rFire   . . .        Y - +2 sling
rCold   . . .        (no shield)
rNeg    + . .        j - +0 ring mail
rPois   inf          a - +2 helmet
rElec   +            (no cloak)
rCorr   .            g - +0 pair of gloves
SInv    .            (no boots)
Will    .....        (no amulet) Stlth
                     (no ring)
HPRegen 0.24/turn    (no ring)
MPRegen 0.09/turn

%: no passive effects
@: confused
A: sickness immunity, AC +3, negative energy resistance 1, electricity
resistance, torment resistance 1, petrification resistance, agile 2, wild magic
1
a: no special abilities


You were on level 3 of the Dungeon.
You visited 1 branch of the dungeon, and saw 3 of its levels.

You collected 61 gold pieces.


Innate Abilities, Weirdness & Mutations

You are immune to sickness and miasma.
Your stone body is resilient. (AC +3)
You are immune to poison.
You resist negative energy. (rN+)
You are resistant to electric shocks. (rElec)
You are resistant to unholy torment.
You are immune to petrification.
You are very agile. (Dex +8, Str/Int -2)
Your spells are a little harder to cast, but a little more powerful.


   Skills:
 - Level 2.0 Fighting
 - Level 4.0 Ranged Weapons
 + Level 0.4 Armour
 - Level 1.5 Dodging
 - Level 1.0 Spellcasting
 - Level 2.6 Hexes


You had 4 spell levels left.
You knew the following spells:

 Your Spells              Type           Power      Damage    Failure   Level
a - Slow                  Hex            32%        N/A       36%         1

Your spell library contained the following spells:

 Spells                   Type           Power      Damage    Failure   Level
 Inner Flame              Hex/Fire       4%         N/A       87%         3
 Portal Projectile        Hex/Tloc       8%         N/A       87%         3
 Cause Fear               Hex            4%         N/A       97%         4

Inventory:

Hand Weapons
 Y - a +2 sling (weapon)
Armour
 a - a +2 helmet (worn)
 g - a +0 pair of gloves (worn)
 j - a +0 ring mail (worn)
Scrolls
 i - a scroll of identify
Potions
 c - a potion of lignification {unknown}
 d - a potion of enlightenment {unknown}
 f - a potion of mutation
 h - a potion of curing {unknown}

Dungeon Overview and Level Annotations

Branches:
Dungeon (3/15)

Altars:
Yredelemnul

Shops:
D:2 (


Message History

The orc hits you with a +0 falchion.
The orc wizard gestures wildly while chanting.
The orc wizard flickers and vanishes!
Deactivating autopickup; reactivate with Ctrl-A.
Something hits you but does no damage. The orc hits you but does no damage.
Something hits you but does no damage. The orc hits you but does no damage.
You feel less confused. The orc closely misses you. Something hits you.
You shoot a sling bullet.
The sling bullet closely misses the orc.
The orc barely misses you. Something hits you.
You shoot a sling bullet. The sling bullet barely misses the orc.
The orc barely misses you.
You hear some strange, mumbled words.
A puff of flame appears from out of thin air!
The puff of flame misses you. Something hits you but does no damage.
The orc closely misses you.
You shoot a sling bullet.
The sling bullet hits the orc but does no damage.
Something hits you but does no damage. The orc hits you with a +0 falchion.
You shoot a sling bullet.
The sling bullet hits the orc but does no damage.
The orc barely misses you.
You hear some strange, mumbled words.
Something tries to affect you, but you resist.
You shoot a sling bullet.
The sling bullet hits the orc but does no damage.
The orc hits you but does no damage.
You hear some strange, mumbled words.
You are confused.
The orc hits you with a +0 falchion.
You hear some strange, mumbled words.
You are more confused.
Something hits you but does no damage. The orc hits you with a +0 falchion.
Something hits you but does no damage. The orc hits you but does no damage.
Something hits you but does no damage. The orc barely misses you.
Something hits you but does no damage. The orc hits you but does no damage.
Something hits you but does no damage. The orc hits you with a +0 falchion.
Something hits you.
You die...

######
#..@{#
#.##o#
#.# .#
#.# .>
#.#
...
#.#
##.#
#.# ##
#<#
###


You could see an orc.

Vanquished Creatures
  A jelly (D:2)
  An adder (D:2)
  2 orcs (D:3)
  4 bats
  2 endoplasms (D:1)
  4 giant cockroaches
  4 goblins
  2 hobgoblins (D:2)
  2 quokkas (D:1)
  2 ball pythons
  A frilled lizard (D:1)
  4 kobolds
  2 rats (D:1)
31 creatures vanquished.

Notes
Turn   | Place    | Note
-------+----------+-------------------------------------------
     0 | D:1      | qw the Gargoyle Hexslinger began the quest for the Orb.
     0 | D:1      | Reached XP level 1. HP: 12/12 MP: 2/2
     0 | D:1      | 0 ||| qw: Version: 0.3-a-51-g015441d
     0 | D:1      | 0 ||| qw: Game counter: 3784
     0 | D:1      | 0 ||| qw: Melee chars always use a shield: true
     0 | D:1      | 0 ||| qw: God list: Okawaru
     0 | D:1      | 0 ||| qw: Allow faded altars: false
     0 | D:1      | 0 ||| qw: Do Orc after clearing Dungeon:15 true
     0 | D:1      | 0 ||| qw: Do second Lair branch before Depths: true
     0 | D:1      | 0 ||| qw: Lair rune preference: random
     0 | D:1      | 0 ||| qw: Goals: Normal
     0 | D:1      | 0 ||| PLANNING D:1-11
   249 | D:1      | Reached XP level 2. HP: 16/16 MP: 3/3
   491 | D:1      | Reached skill level 3 in Ranged Weapons
   840 | D:1      | 840 ||| UPGRADING to +0 leather armour.
   850 | D:1      | 850 ||| DROPPING +0 robe.
   851 | D:1      | 851 ||| UPGRADING to +0 ring mail.
   861 | D:1      | 861 ||| DROPPING +0 leather armour.
   862 | D:1      | 862 ||| READING scroll labelled XOTTORI DYKHLI.
   863 | D:1      | 863 ||| READING scroll labelled WOLYBL NUMAR.
   864 | D:1      | 864 ||| READING 2 scrolls labelled VOPPOAGRASM.
   865 | D:1      | 865 ||| DROPPING scroll of poison.
   945 | D:2      | Reached XP level 3. HP: 20/21 MP: 4/4
   970 | D:2      | Found a basalt altar of Yredelemnul.
   971 | D:2      | Found Kazxaor's Antique Weapon Shoppe.
  1083 | D:2      | Reached skill level 4 in Ranged Weapons
  1083 | D:2      | Reached XP level 4. HP: 13/26 MP: 5/5
  1413 | D:2      | 1413 ||| UPGRADING to +2 helmet.
  1418 | D:2      | 1418 ||| UPGRADING to +0 pair of gloves.
  1423 | D:2      | 1423 ||| READING scroll labelled RILOINNOWKI.
  1424 | D:2      | 1424 ||| READING scroll labelled OHOTZA XEKAO.
  1425 | D:2      | 1425 ||| DRINKING 2 grey potions.
  1425 | D:2      | Gained mutation: You are agile. (Dex +4, Str/Int -1)
                  | [potion of mutation]
  1425 | D:2      | Gained mutation: Your spells are a little harder to cast,
                  | but a little more powerful. [potion of mutation]
  1425 | D:2      | Gained mutation: You are very agile. (Dex +8, Str/Int -2)
                  | [potion of mutation]
  1466 | D:3      | HP: 4/26 [orc/+0 falchion (5)]
  1471 | D:3      | Slain by an orc wizard

Levels and vault maps discovered:
D:1:      kennysheep_arrival_forest, layout_loops_corners, serial_glass,
          glass_columns_b, glass_columns_a, kennysheep_nondescript,
          minivault_11, minmay_tetromino_i2
D:2:      layout_rooms, serial_shops, shop, basic_altar
D:3:      layout_basic, mainiacjoe_overflow_surrounded_room,
          gammafunk_ghost_split

Skill      XL: |  1  2  3 |
---------------+----------+-----
Ranged Weapons | 3 4 |  4.0
Fighting       | 2 |  2.0
Armour         | |  0.4
Dodging        | |  1.5
Spellcasting   | |  1.0
Hexes          | |  2.6

Action                     |  1- 3 |  4- 6 || total
---------------------------+-------+-------++-------
   Fire: Sling             |   102 |    19 ||   121
    Use: Scroll            |     3 |     2 ||     5
         Potion            |       |     1 ||     1
 Armour: Robe              |     7 |       ||     7
         Ring mail         |    14 |    21 ||    35
  Dodge: Dodged            |    29 |    11 ||    40

Table legend:
 A = Non-vault XP
 B = Vault XP
 C = Vault XP percentage of total XP
 D = Non-vault monster count
 E = Vault monster count
 F = Vault count percentage of total count
                 A         B        C        D         E       F
            +---------+---------+-------+---------+---------+-------
      Total |      99 |       3 |   2.9 |      29 |       2 |   6.5
            +---------+---------+-------+---------+---------+-------
        D:1 |      22 |       3 |  12.0 |      13 |       2 |  13.3
        D:2 |      71 |       0 |   0.0 |      14 |       0 |   0.0
        D:3 |       6 |       0 |   0.0 |       2 |       0 |   0.0
            +---------+---------+-------+---------+---------+-------
